 Dungeon Crawl Stone Soup version 0.18-a0-739-gdae9da8 (webtiles) character file.

13700 4thArraOfDagon the Cleaver (level 12, -3/76 HPs)
             Began as a Gargoyle Gladiator on Dec 10, 2015.
             Was the Champion of Okawaru.
             Slain by a wolf spider (10 damage)
             ... on level 15 of the Dungeon.
             The game lasted 00:32:53 (4666 turns).

4thArraOfDagon the Cleaver (Gargoyle Gladiator)     Turns: 4666, Time: 00:32:53

Health: -3/76      AC: 17    Str: 20    XL:     12   Next: 8%
Magic:  16/17      EV: 15    Int: 13    God:    Okawaru [******]
Gold:   104        SH:  0    Dex: 10    Spells: 0 memorised, 11 levels left

rFire  . . .     SeeInvis .     u - +1 battleaxe
rCold  . . .     Clarity  .     w - +0 troll leather armour
rNeg   + . .     SustAt   +     (shield currently unavailable)
rPois  ∞         Gourm    .     (helmet restricted)
rElec  +         Spirit   .     y - +0 cloak
rCorr  .         Dismiss  .     (no gloves)
rMut   .         Stasis   .     (no boots)
MR     .....                    (no amulet)
Stlth  +.........               a - ring of loudness (curse)
                                k - ring of sustain attributes

@: heroism, very slightly contaminated, hasted, very quick, not resistant to
hostile enchantments, very unstealthy
A: horns 2, deterioration 1, negative energy resistance 1, electricity
resistance, unbreathing, petrification resistance, rot immunity, AC +8
a: Heroism, Finesse, Renounce Religion


You were on level 15 of the Dungeon.
You worshipped Okawaru.
Okawaru was exalted by your worship.
You were not hungry.

You visited 2 branches of the dungeon, and saw 16 of its levels.

You collected 370 gold pieces.
You spent 266 gold pieces at shops.

Inventory:

Hand Weapons
 u - a +1 battleaxe (weapon)
Missiles
 m - 13 tomahawks (quivered)
Armour
 b - a +0 chain mail
 c - a +1 helmet
 w - a +0 troll leather armour (worn)
 x - the +3 leather armour of an ice cave {rF+++ rN+ Str-3 Int+4, unknown}
   (You found it on level 9 of the Dungeon)

   It affects your strength (-3).
   It affects your intelligence (+4).
   It renders you almost immune to fire.
   It protects you from negative energy.
 y - a +0 cloak (worn)
Jewellery
 a - a cursed ring of loudness (right hand)
 g - an uncursed ring of flight
 k - a ring of sustain attributes (left hand)
 s - an uncursed ring of fire
 z - an uncursed ring of protection from magic {unknown}
Wands
 i - a wand of confusion (15)
 n - a wand of paralysis (0)
 o - a wand of flame (18)
 p - a wand of enslavement (8)
Scrolls
 d - a scroll of magic mapping {unknown}
 f - 3 scrolls of enchant armour
 j - a scroll of fog {unknown}
 q - a scroll of summoning {unknown}
 t - 3 scrolls of immolation {unknown}
 A - a scroll of remove curse
 E - 2 scrolls of teleportation
 F - a scroll of recharging
Potions
 r - a potion of haste
 B - a potion of brilliance
 G - a potion of curing
Comestibles
 e - 6 bread rations
 h - 5 meat rations
 l - 2 fruits
 v - 8 chunks of flesh
 C - a slice of pizza


   Skills:
 + Level 9.5(14.5) Fighting
 * Level 11.5(16.5) Axes
 - Level 1.7(6.7) Throwing
 + Level 9.3(14.3) Armour
 - Level 4.0(9.0) Dodging
 - Level 7.1 Invocations
 - Level 3.5 Evocations


You had 11 spell levels left.
You didn't know any spells.

Dungeon Overview and Level Annotations

Branches:
Dungeon (15/15)            Temple (1/1) D:5            Lair (0/8) D:9
    Orc: D:9-12      Vaults: D:13-14     Depths: D:15

Altars:
Ashenzari
Cheibriados
Dithmenos
Fedhas
Kikubaaqudgha
Makhleb
Nemelex Xobeh
Okawaru
Pakellas
Sif Muna
Trog
Xom
Yredelemnul

Shops:
D:7 *   D:8 [   D:9 }   D:13 *

Annotations:
D:3 Ijyb
D:4 Grinder
D:5 cluie's ghost, amateur DsAs
D:6 1 exclusion, Edmund
D:10 Erolcha
D:11 nublet's ghost, novice CeFE
D:13 VAULTS


Innate Abilities, Weirdness & Mutations

You are resistant to torment.
Your stone body is resilient (AC +8).
You are immune to poison.
You resist negative energy.
You are resistant to electric shocks.
You can survive without breathing.
You are immune to petrification.
You are immune to rotting.
You have a pair of horns on your head.
Your body sometimes deteriorates upon taking damage.


Message History

Unknown command.
Drink which item? (? for menu, Esc to quit)
You feel better. The wolf spider hits you!
* * * LOW HITPOINT WARNING * * *
The wolf spider bites you but does no damage.
Unknown command.
Evoke which item? (* to show all) (? for menu, Esc to quit)
Zapping:
i - a wand of confusion (16)
Press: ? - help, Shift-Dir - straight line, f - wolf spider
Aim: a wolf spider (moderately wounded, clinging, chance to defeat MR: 52%)
Okay, then.
Evoke which item? (* to show all) (? for menu, Esc to quit)
Zapping:
i - a wand of confusion (16)
Press: ? - help, Shift-Dir - straight line, f - wolf spider
Aim: a wolf spider (moderately wounded, clinging, chance to defeat MR: 52%)
The wolf spider appears confused.
This wand has 15 charges left.
The wolf spider hits you!
* * * LOW HITPOINT WARNING * * *
The wolf spider bites you!
You die...

#......†)<..†....#
#......††........#
.....#####........####
.... #............ ...
#[.....#####. ..
#......# . ###......#
..........#
........@.#
###+#####s#
............#
............#
............#
...######...# .. ...#
. ...# ...#


You could see a wolf spider (confused).

Vanquished Creatures
  A centaur warrior (D:13)
  An ogre mage (D:13)
  A death yak (D:11)
  An unseen horror (D:10)
  A lindwurm (D:13)
  2 hill giants
  2 cyclopes
  An ugly thing (D:13)
  An elephant (D:9)
  A gargoyle (D:10)
  A centaur skeleton (D:9)
  2 two-headed ogres
  2 trolls
  A centaur simulacrum (D:11)
  A deep elf mage (D:10)
  A wyvern (D:13)
  2 trapdoor spiders
  3 yaks
  9 vampire mosquitoes
  A wolf (D:11)
  2 orc warriors
  An eye of draining (shapeshifter) (D:13)
  A sky beast (D:11)
  A necrophage (D:7)
  A wasp (D:11)
  2 black bears
  An eye of draining (D:13)
  8 centaurs
  2 phantoms
  8 ogres
  Blork the orc (D:4)
  2 big kobolds
  A giant frog (D:10)
  2 scorpions
  4 wights (D:11)
  6 killer bees
  A crimson imp (D:9)
  2 centaur zombies
  3 giant frog zombies
  2 jellies
  9 orc wizards
  2 orc priests
  5 hounds
  3 giant frog skeletons
  Jessica (D:3)
  An iguana (D:11)
  7 worker ants
  4 sheep (D:9)
  5 gnolls
  6 adders
  2 shadow imps
  2 white imps (D:11)
  An ufetubus (D:11)
  2 oozes
  An adder zombie (D:8)
  3 giant geckos
  22 orcs
  4 bats
  4 giant cockroaches
  2 goblins (D:2)
  4 hobgoblins
  7 jackals
  6 kobolds
  2 quokkas
  3 ball pythons
  A giant gecko skeleton (D:8)
  A giant gecko zombie (D:5)
  3 giant newts
  A quokka skeleton (D:8)
  2 rats (D:2)
202 creatures vanquished.

Vanquished Creatures (collateral kills)
  An orc (D:9)
1 creature vanquished.

Grand Total: 203 creatures vanquished

Notes
Turn   | Place    | Note
--------------------------------------------------------------
     0 | D:1      | 4thArraOfDagon the Gargoyle Gladiator began the quest for the Orb.
     0 | D:1      | Reached XP level 1. HP: 12/12 MP: 1/1
    55 | D:3      | Reached XP level 2. HP: 12/17 MP: 2/2
    75 | D:4      | Reached skill level 3 in Axes
    75 | D:4      | Reached skill level 1 in Armour
    75 | D:4      | Reached XP level 3. HP: 15/22 MP: 3/3
   125 | D:4      | Reached XP level 4. HP: 22/27 MP: 4/4
   152 | D:4      | Found a shadowy altar of Dithmenos.
   161 | D:4      | Noticed a phantom
   183 | D:5      | Entered Level 5 of the Dungeon
   207 | D:5      | Reached XP level 5. HP: 14/32 MP: 5/5
   222 | D:5      | Noticed cluie's ghost (amateur DsAs)
   336 | D:4      | Noticed Grinder
   342 | D:4      | Noticed Blork the orc
   401 | D:3      | Noticed Ijyb
   543 | D:2      | Reached skill level 4 in Axes
   672 | D:3      | Noticed Jessica
   680 | D:3      | Killed Jessica
   757 | D:4      | Killed a phantom
   757 | D:4      | Reached XP level 6. HP: 20/38 MP: 6/6
   962 | D:5      | Found a staircase to the Ecumenical Temple.
   977 | Temple   | Entered the Ecumenical Temple
   992 | Temple   | Became a worshipper of Warmaster Okawaru
  1038 | D:5      | Found a snail-covered altar of Cheibriados.
  1069 | D:5      | Reached XP level 7. HP: 6/43 MP: 7/7
  1092 | D:5      | Reached skill level 5 in Axes
  1106 | D:5      | Reached skill level 1 in Invocations
  1383 | D:4      | Killed Blork the orc
  1608 | D:6      | Reached * piety under Okawaru
  1715 | D:6      | Noticed Edmund
  1831 | D:6      | ROTFL
  1848 | D:6      | Got an iridescent dagger
  1887 | D:7      | 1d1 dmg
  2012 | D:7      | Reached XP level 8. HP: 41/48 MP: 7/9
  2164 | D:7      | Found an iron altar of Okawaru.
  2198 | D:7      | Found Iritut's Assorted Antiques.
  2201 | D:7      | Bought a scroll of identify for 46 gold pieces
  2201 | D:7      | Bought a scroll of identify for 46 gold pieces
  2201 | D:7      | Bought a metallic purple potion for 20 gold pieces
  2259 | D:8      | Reached skill level 1 in Evocations
  2389 | D:8      | Reached skill level 6 in Axes
  2410 | D:8      | Found Oquemioh's Armour Emporium.
  2588 | D:9      | Found an oddly glowing altar of Pakellas.
  2588 | D:9      | Found Pakellas's Prime Provisions.
  2628 | D:9      | Reached skill level 5 in Fighting
  2658 | D:9      | Noticed a troll
  2666 | D:9      | Killed a troll
  2666 | D:9      | Reached ** piety under Okawaru
  2726 | D:9      | Got a dazzling leather armour
  2752 | D:9      | Reached XP level 9. HP: 44/54 MP: 9/11
  2765 | D:9      | Reached skill level 5 in Armour
  2828 | D:8      | Reached skill level 7 in Axes
  2940 | D:9      | Found a staircase to the Lair.
  2940 | D:9      | Noticed an elephant
  2972 | D:9      | Killed an elephant
  2972 | D:9      | Reached *** piety under Okawaru
  3003 | D:9      | Noticed a centaur skeleton
  3012 | D:9      | Killed a centaur skeleton
  3150 | D:9      | Found a bloodstained altar of Trog.
  3180 | D:9      | Reached skill level 8 in Axes
  3204 | D:10     | Entered Level 10 of the Dungeon
  3227 | D:10     | Noticed a gargoyle
  3238 | D:10     | Killed a gargoyle
  3238 | D:10     | Reached skill level 5 in Invocations
  3238 | D:10     | Reached XP level 10. HP: 37/61 MP: 11/13
  3288 | D:10     | Killed an unseen horror
  3288 | D:10     | Reached **** piety under Okawaru
  3385 | D:10     | Noticed Erolcha
  3412 | D:11     | Reached skill level 9 in Axes
  3494 | D:11     | Noticed a white ugly thing
  3504 | D:12     | Noticed a hill giant
  3510 | D:12     | Noticed a cyclops
  3516 | D:12     | Killed a cyclops
  3651 | D:11     | Noticed a death yak
  3674 | D:11     | Killed a death yak
  3674 | D:11     | Reached ***** piety under Okawaru
  3687 | D:11     | Noticed a cyclops
  3693 | D:11     | Reached XP level 11. HP: 44/68 MP: 15/15
  3712 | D:11     | Reached skill level 10 in Axes
  3719 | D:11     | Noticed a hill giant
  3817 | D:11     | Gained mutation: Your body sometimes deteriorates upon taking damage. [mutagenic meat]
  3818 | D:11     | Gained mutation: You have a pair of small horns on your head. [mutagenic meat]
  3826 | D:11     | uhh
  3832 | D:11     | Noticed nublet's ghost (novice CeFE)
  3854 | D:11     | Killed a hill giant
  3889 | D:13     | Noticed a hill giant
  3902 | D:13     | Killed a hill giant
  4011 | D:13     | Noticed a six-headed hydra
  4204 | D:14     | Noticed a tengu warrior
  4264 | D:13     | Noticed a centaur warrior
  4311 | D:13     | Killed a centaur warrior
  4343 | D:13     | Noticed a lindwurm
  4343 | D:13     | Noticed an iron troll
  4344 | D:13     | Gained mutation: You have a pair of horns on your head. [potion of beneficial mutation]
  4354 | D:13     | Killed a lindwurm
  4416 | D:13     | Found Duedeo's Assorted Antiques.
  4419 | D:13     | Bought a scroll of teleportation for 66 gold pieces
  4419 | D:13     | Bought a scroll labeled TEFRAI KAASUS for 22 gold pieces
  4419 | D:13     | Bought a potion of curing for 66 gold pieces
  4430 | D:13     | Noticed an ogre mage
  4450 | D:13     | Killed an ogre mage
  4450 | D:13     | Reached skill level 11 in Axes
  4583 | D:14     | Reached ****** piety under Okawaru
  4594 | D:14     | Reached XP level 12. HP: 57/76 MP: 17/17
  4611 | D:15     | Entered Level 15 of the Dungeon
  4666 | D:15     | Slain by a wolf spider

Vault maps used:
D:1:      dpeg_arrival_connections
D:3:      portal_sewer_entry_d, okawaru_ov_weapons_minmay, uniq_jessica,
          uniq_crazy_yiuf_cottage, uniq_iyjb
D:4:      nicolae_dithmenos_through_a_glass_darkly, uniq_grinder,
          uniq_blork_the_orc
D:5:      kennysheep_mini_moat, minmay_temple_entry_statues, first_bread
D:6:      kennysheep_generic_room_10, uniq_edmund, uniq_sigmund,
          uniq_prince_ribbit1
D:7:      basic_altar, serial_shops, kennysheep_mini
D:8:      serial_shops, shop
D:9:      johnstein_pakellas_shop, david_lair_generic, hangedman_ranch,
          stair_cage_line, minmay_misc_feat_roman, trog_butcher_becter
D:10:     uniq_erolcha
D:11:     serial_ice, serial_ice_f, serial_ice_b, serial_ice_g, serial_ice_m,
          portal_ice_cave_entry_imps, uniq_erica
D:12:     erik_orc_2
D:13:     david_vaults_4, serial_shops, nicolae_shop_behind_doors
D:14:     kennysheep_kobold_grotto
D:15:     grunt_enter_depths_magical_seal, fountainhead, serial_column_ruins,
          column_ruins_temple_circle, column_ruins_corridor_straight,
          column_ruins_grid_3, column_ruins_open_small,
          column_ruins_columns_straight, column_ruins_open_small
Temple:   grunt_circular_temple_18

Action                   |  1- 3 |  4- 6 |  7- 9 | 10-12 || total
-------------------------+-------+-------+-------+-------++-------
Melee: War axe           |    25 |   157 |   119 |       ||   301
       Hand axe          |       |       |    88 |       ||    88
       Battleaxe         |       |       |   190 |   396 ||   586
Throw: Throwing net      |     2 |     4 |       |       ||     6
       Tomahawk          |       |       |     1 |     1 ||     2
Invok: Heroism           |       |       |     7 |    11 ||    18
       Finesse           |       |       |       |     2 ||     2
Evoke: Wand              |       |     6 |    20 |     5 ||    31
  Use: Scroll            |       |     7 |     6 |     4 ||    17
       Potion            |       |     1 |     6 |     4 ||    11
 Stab: Confused          |       |       |     3 |     2 ||     5
       Paralysed         |       |       |     3 |       ||     3
  Eat: Chunk             |       |     1 |     8 |     8 ||    17
       Beef jerky        |       |       |     1 |       ||     1
       Fruit             |       |       |     1 |       ||     1
